 Dungeon Crawl Stone Soup version 0.32-a0-422-g28b100f618 (webtiles) character file.

Game seed: 17337971283154123003

245 cforsyth the Slasher (level 6, -3/43 HPs)
             Began as a Coglin Gladiator on Feb 22, 2024.
             Incinerated by a bombardier beetle (4 damage)
             ... with a burning spray
             ... on level 4 of the Dungeon.
             The game lasted 00:04:11 (4390 turns).

cforsyth the Slasher (Coglin Gladiator)             Turns: 4390, Time: 00:04:11

Health: -3/43      AC:  7    Str: 14    XL:     6   Next: 10%
Magic:  6/6        EV: 11    Int:  8    God:
Gold:   156        SH:  0    Dex: 17    Spells: 5/5 levels left

rFire   . . .        a - +0 long sword {Sieglinde}
rCold   . . .        (no shield)
rNeg    . . .        v - +0 scale mail
rPois   +            c - +0 helmet
rElec   .            (no cloak)
rCorr   .            (no gloves)
SInv    .            (no boots)
Will    .....        (no amulet)
Stlth   +            P - ring of poison resistance
HPRegen 0.27/turn    (no ring)
MPRegen 0.10/turn

%: no passive effects
@: on fire, attractive, hasted, glowing, revving, very quick
A: off-hand wielding, slow wielding, warmup strikes, legs shutdown, frail 1,
sturdy frame 1
a: no special abilities


You were on level 4 of the Dungeon.
You visited 1 branch of the dungeon, and saw 4 of its levels.

You collected 156 gold pieces.


Innate Abilities, Weirdness & Mutations

You can wield a second weapon in your off-hand.
It takes a long time for you to wield or remove held weapons.
Your first few attacks do less damage.
Attacking and casting redirects power from your legs.
You are frail. (-10% HP)
Your movements are slightly less encumbered by armour. (ER -2)


   Skills:
 + Level 3.9 Fighting
 + Level 4.4 Long Blades
 - Level 1.7 Throwing
 + Level 2.8 Armour
 - Level 2.6 Dodging


You had 5 spell levels left.
You didn't know any spells.
Your spell library was empty.

Inventory:

Hand Weapons
 a - a +0 long sword (weapon) {Sieglinde}
Missiles
 d - 3 throwing nets (quivered) {=f}
 e - 3 javelins
Armour
 b - a +0 leather armour
 c - a +0 helmet (worn)
 v - a +0 scale mail (worn)
Magical Staves
 g - a staff of cold {!a}
Jewellery
 P - a ring of poison resistance (left grasper)
Wands
 p - a wand of flame (10)
Scrolls
 j - 6 scrolls of summoning {unknown}
 k - 2 scrolls of immolation {unknown}
 n - a scroll of amnesia {unknown}
 o - 2 scrolls of identify {unknown}
 q - a scroll of fog {unknown}
 u - a scroll of noise {unknown}
Potions
 f - a potion of degeneration {unknown}
 h - 2 potions of attraction
 i - a potion of mutation
 m - a potion of ambrosia {unknown}
 r - a potion of might {unknown}
 t - a potion of enlightenment {unknown}

Dungeon Overview and Level Annotations

Branches:
Dungeon (4/15)
 Temple: D:4-7

Altars:
Ashenzari
Gozag
Kikubaaqudgha
Ru
Zin

....#.#..### #.# ##
......#....# #.# ##.
........#....# #.# #..
........#....# #.# ##.#
........#....# #.#
##..# ........#....#
#.# #..## #....# #.#
#.## #..B.# #.####.#
#@# #.#....#
###.#######...#####
#...................
...$.#.################
######.# #.# ###


You could see a bombardier beetle.


Message History

Unknown command.
It was a potion of attraction.
You feel attractive to monsters. The liquid fire burns you!
* * * LOW HITPOINT WARNING * * *
You are no longer unable to travel.
The bombardier beetle bites you but does no damage.
It was a potion of curing.
You feel better. The liquid fire burns you!
* * * LOW HITPOINT WARNING * * *
You hit the bombardier beetle but do no damage.
The bombardier beetle is severely wounded.
The liquid fire burns you!
* * * LOW HITPOINT WARNING * * *
The bombardier beetle bites you.
* * * LOW HITPOINT WARNING * * *
You feel better. The liquid fire burns you!
* * * LOW HITPOINT WARNING * * *
You are no longer unable to travel.
The bombardier beetle bites you.
* * * LOW HITPOINT WARNING * * *
It was a potion of mutation.
You feel extremely strange.
You feel frail.
You feel less encumbered by your armour.
The liquid fire burns you!
* * * LOW HITPOINT WARNING * * *
It was a potion of haste.
You feel yourself speed up. The liquid fire burns you!
You die...

Skill      XL: |  1  2  3  4 |
---------------+-------------+-----
Armour         | 1 2 |  2.8
Fighting       | 3 |  3.9
Long Blades    | 4 |  4.4
Throwing       | |  1.7
Dodging        | |  2.6

Action                     |  1- 3 |  4- 6 || total
---------------------------+-------+-------++-------
  Melee: Long sword        |    91 |   105 ||   196
    Use: Potion            |     1 |     5 ||     6
   Stab: Sleeping          |     3 |       ||     3
 Armour: Leather armour    |    56 |    41 ||    97
         Skin              |     3 |       ||     3
         Scale mail        |       |    21 ||    21
  Dodge: Dodged            |    56 |    69 ||   125

Levels and vault maps discovered:
D:1:      minmay_arrival_three_doors, layout_basic, minmay_crystal_room,
          serial_bayou_crossing
D:2:      layout_loops_cross, basic_altar, minmay_tetromino_i2, uniq_natasha
D:3:      layout_basic, grunt_temple_overflow_gold_and_silver,
          nicolae_concentric_dashed_squares_wild, patterned_corridor
D:4:      layout_rooms, gammafunk_temple_overflow_elements

Notes
Turn   | Place    | Note
-------+----------+-------------------------------------------
     0 | D:1      | cforsyth the Coglin Gladiator began the quest for the Orb.
     0 | D:1      | Reached XP level 1. HP: 16/16 MP: 1/1
    94 | D:1      | Reached XP level 2. HP: 22/22 MP: 2/2
   338 | D:1      | Reached skill level 1 in Armour
   462 | D:1      | Reached XP level 3. HP: 25/27 MP: 3/3
   988 | D:2      | Found an ancient bone altar of Kikubaaqudgha.
  1045 | D:2      | Reached XP level 4. HP: 7/34 MP: 4/4
  1299 | D:2      | Reached skill level 3 in Fighting
  1357 | D:2      | Noticed Natasha
  1365 | D:2      | Killed Natasha
  1679 | D:2      | Noticed Natasha
  1687 | D:2      | Killed Natasha
  1688 | D:2      | Reached skill level 2 in Armour
  1811 | D:2      | Reached skill level 4 in Long Blades
  1811 | D:2      | Reached XP level 5. HP: 38/41 MP: 5/5
  2014 | D:2      | Found an ancient bone altar of Kikubaaqudgha.
  2045 | D:2      | Noticed Natasha
  2231 | D:2      | Killed Natasha
  2622 | D:3      | Found a glowing silver altar of Zin.
  2622 | D:3      | Found an opulent altar of Gozag.
  4196 | D:4      | Reached XP level 6. HP: 39/48 MP: 6/6
  4289 | D:4      | Found a sacrificial altar of Ru.
  4289 | D:4      | Found a broken altar of Ashenzari.
  4385 | D:4      | HP: 3/48 [burnt (2)]
  4389 | D:4      | Gained mutation: You are frail. (-10% HP) [potion of
                  | mutation]
  4389 | D:4      | Gained mutation: Your movements are slightly less
                  | encumbered by armour. (ER -2) [potion of mutation]
  4389 | D:4      | HP: 1/43 [burnt (4)]
  4390 | D:4      | Incinerated by a bombardier beetle

Vanquished Creatures
  An orc priest (D:4)
  Natasha (thrice) (D:2)
  An orc wizard (D:3)
  2 adders (D:2)
  A ribbon worm (D:2)
  4 orcs
  5 ball pythons
  2 bats (D:1)
  7 endoplasms
  A giant cockroach (D:1)
  3 goblins
  4 hobgoblins
  5 jackals
  6 kobolds
  3 quokkas
  2 frilled lizards
  4 rats
54 creatures vanquished.

Table legend: (Time is in decaauts)
 A = Elapsed time spent in this place.
 B = Non-inter-level travel time spent in this place.
 C = Inter-level travel time spent in this place.
 D = Time resting spent in this place.
 E = Time spent auto-exploring this place.
 F = Levels seen in this place.
 G = Mean time per level.
                   A        B        C        D        E       F      G
               +--------+--------+--------+--------+--------+-----+--------+
         Total |   4449 |   4406 |     43 |   1037 |   2770 |   4 | 1112.2 |
       Dungeon |   4449 |   4406 |     43 |   1037 |   2770 |   4 | 1112.2 |
               +--------+--------+--------+--------+--------+-----+--------+

Top non-repeatable levels by time:
     D:2: 1841 daAuts
     D:3: 1494 daAuts
     D:1: 735 daAuts
     D:4: 377 daAuts

Table legend:
 A = Non-vault XP
 B = Vault XP
 C = Vault XP percentage of total XP
 D = Non-vault monster count
 E = Vault monster count
 F = Vault count percentage of total count
                 A         B        C        D         E       F
            +---------+---------+-------+---------+---------+-------
      Total |     308 |      42 |  12.0 |      51 |       3 |   5.6
            +---------+---------+-------+---------+---------+-------
        D:1 |      41 |       0 |   0.0 |      15 |       0 |   0.0
        D:2 |     130 |      42 |  24.4 |      13 |       3 |  18.8
        D:3 |      77 |       0 |   0.0 |      16 |       0 |   0.0
        D:4 |      60 |       0 |   0.0 |       7 |       0 |   0.0
            +---------+---------+-------+---------+---------+-------
